[Event "Fall IM-D Norm Invitational 2022"]
[Site "Charlotte"]
[Date "2022.11.19"]
[Round "4"]
[White "Eidelman, Gabriel"]
[Black "Estrada Nieto, Julian"]
[Result "1/2-1/2"]
[ECO "D20"]
[WhiteElo "2197"]
[BlackElo "2241"]
[Annotator "TA"]
[PlyCount "96"]
[EventDate "2022.11.18"]
[EventType "tourn"]
[EventCountry "USA"]
[SourceTitle "playchess.com"]
[Source "ChessBase"]
[SourceQuality "1"]
[TimeControl "5400+30"]

1. d4 d5 2. c4 dxc4 3. e4 e5 4. Nf3 exd4 5. Bxc4 Nc6 6. O-O Be6 7. Bb5 {[%emt 0:00:14] 7.Bxe6 is more advanced technology.} Bc5 8. b4 {[%emt 0:00:12] D20: Queen's Gambit Accepted: 3 e3 and 3 e4.} Bb6 9. a4 {[%emt 0:00:12][%cal Ba2a4,Ba4a5][%mdl 32] And now a5 would win.} a6 10. Bxc6+ {[%emt 0:00:11] White is slightly better.} bxc6 11. Nbd2 Ne7 {[%emt 0:05:17] [#]} 12. Nb3 $146 ({Predecessor:} 12. Bb2 Ng6 13. Rc1 O-O 14. Nc4 Bxc4 15. Rxc4 d3 16. a5 Ba7 17. Qd2 Qd7 18. Rd1 {1-0 (30) Girya,O (2505)-Balajayeva,K (2319) Antalya 2017}) 12... Bxb3 13. Qxb3 O-O 14. a5 Ba7 15. Qc4 Qd6 16. Qxa6 {[%emt 0:10:27] White is more active.} Ng6 17. Qd3 (17. Bd2 $16) 17... Rfe8 18. Bd2 c5 19. bxc5 Bxc5 20. Ra4 (20. Rab1 $11) 20... Ba7 $15 21. Re1 (21. Nxd4 $2 Rad8 22. a6 Ne5 $19) 21... h6 22. Bc1 c5 23. Ba3 (23. Bd2 $17 {was worth a try.}) 23... Nf4 $19 24. Qd1 Qc6 $1 ({Worse is} 24... Qg6 25. g3 $15) 25. g3 $2 {[%emt 0:08:15] [#]} (25. Nd2 {was called for.}) 25... Nd3 $1 26. Re2 (26. Qxd3 Qxa4) 26... Rxe4 27. Rc4 Qe6 (27... Rae8 $142 28. Rxe4 (28. Nxd4 $2 Qd5 $19) 28... Qxe4) 28. Rxe4 Qxe4 29. Nd2 Qd5 30. Qf3 Qxf3 31. Nxf3 Re8 32. Kf1 g5 {[%emt 0:00:36][%cal Bg7g5,Bg5g4][%mdl 32] ...g4 is the strong threat.} 33. Rc2 Re6 34. Rd2 c4 {[%emt 0:01:15] Hoping for ...g4.} 35. Re2 g4 36. Rxe6 fxe6 {[%emt 0:00:06][%mdl 4096] Endgame KBN-KBN} 37. Nd2 Ne5 (37... c3 $19 {and life is good for Black.} 38. Nc4 c2) 38. Bd6 $18 {[%emt 0:00:30][%mdl 64] Deflection} Nc6 {[%emt 0:01:04] Strongly threatening ...c3.} (38... c3 $2 39. Bxe5 cxd2 40. Ke2 $18) 39. Nxc4 Kf7 $2 {[%emt 0:00:55] [#]} (39... Kg7 {is more resistant.} 40. Ke2 Kf6) 40. Ne5+ $1 Nxe5 41. Bxe5 {[%emt 0:00:05] aiming for Ke2. KB-KB} d3 42. Bf4 Ke8 43. Bxh6 $2 ({Better is} 43. Be3 $18 Bb8 44. a6) 43... Kd7 $2 {[%emt 0:00:10] [#]} (43... e5 $1 $11 {and Black has nothing to worry.}) 44. Be3 $2 (44. Kg2 $1 $18) 44... Bxe3 $11 {[%emt 0:00:28] The position is equal.} 45. fxe3 {[%emt 0:00:02] Ke1 would kill now.} e5 {[%emt 0:00:32] White must now prevent ...e4.} 46. e4 {[%emt 0:00:57] Intending Ke1 and mate.} ({Don't blunder} 46. Ke1 $2 e4 47. a6 Kc6 $19) 46... Kc6 47. a6 Kb6 48. Kf2 Kc6 $2 {[%mdl 40960] Quite a comeback for White.  Weighted Error Value: White=0.40/Black=0.45. An unexpected result.} (48... d2 $11 49. Ke2 Kxa6) 1/2-1/2

[Event "Fall IM-D Norm Invitational 2022"]
[Site "Charlotte"]
[Date "2022.11.19"]
[Round "4"]
[White "Liu, Eric"]
[Black "Malicka, Maria"]
[Result "1-0"]
[ECO "B56"]
[WhiteElo "2182"]
[BlackElo "2275"]
[Annotator "TA"]
[PlyCount "75"]
[EventDate "2022.11.18"]
[EventType "tourn"]
[EventCountry "USA"]
[SourceTitle "playchess.com"]
[Source "ChessBase"]
[SourceQuality "1"]
[TimeControl "5400+30"]

1. e4 c5 2. Nf3 d6 3. d4 cxd4 4. Nxd4 Nf6 5. Nc3 Nc6 6. f3 e5 7. Nb3 Be7 8. Be3 O-O 9. Qd2 a5 10. Bb5 Be6 11. O-O-O $1 {[%emt 0:00:54][%mdl 4] is currently scoring better than 11.Rd1.} Nb4 {[%emt 0:00:49][%cal Ob4a2] B56: Classical Sicilian: Unusual Lines.} 12. Kb1 d5 13. exd5 Nbxd5 {[%emt 0:01:25] White has an edge.} 14. Nxd5 Nxd5 15. Bc4 $1 Nxe3 16. Qxe3 Qc8 17. Bxe6 Qxe6 18. Rhe1 Rfd8 19. a3 {[%emt 0:03:43] [#]} Rxd1+ $146 ({Predecessor:} 19... b6 20. Nc1 Bf6 21. Rxd8+ Rxd8 22. Nd3 g6 23. f4 exf4 24. Qxe6 fxe6 25. Nxf4 Kf7 26. Nd3 Rd5 27. Re2 g5 28. Nf2 h5 29. h3 b5 30. c3 Be7 {½-½ (30) Niedbala,B (2381)-Schitco,I (2490) Piestany 2022}) 20. Rxd1 a4 21. Nc1 ({But not} 21. Nc5 $2 Qb6 22. Rd5 Rc8 23. Qxe5 Bxc5 $19) 21... b5 22. Qe4 Rb8 23. Rd5 f6 24. Na2 {[%emt 0:26:29] Prevents b4.} Qb6 25. Nc3 {[%emt 0:08:00] White is more active.} b4 26. axb4 Qg1+ {[%emt 0:01:11] This move loses the game for Black.} (26... Qxb4 $16 27. Nxa4 Qxe4 28. fxe4 Rb4) 27. Rd1 $18 Qxg2 $2 (27... Qa7 28. Qd5+ Kf8) 28. Qc4+ {[%emt 0:02:32] White is clearly winning.} Kh8 (28... Kf8 $142 29. Qc7 (29. Rd7 Rd8 $18) 29... Re8) 29. Qc7 Rg8 30. Qxe7 Qxf3 31. Rd8 {[%emt 0:00:50] [#] Intending Rxg8+ and mate.} h5 32. Rxg8+ Kxg8 33. Qd8+ Kf7 34. Qd5+ Qxd5 35. Nxd5 {[%emt 0:00:06] [#] Black must now prevent b5.} Ke6 36. c4 g5 37. b5 {[%emt 0:00:21] White threatens b6 and mate.} Kd6 38. Nxf6 {[%emt 0:00:06] Weighted Error Value: White=0.01 (flawless) /Black=0.41} 1-0

[Event "Fall IM-D Norm Invitational 2022"]
[Site "Charlotte"]
[Date "2022.11.19"]
[Round "4"]
[White "Amburgy, Ryan"]
[Black "Lee, Alice"]
[Result "1-0"]
[ECO "A06"]
[WhiteElo "2175"]
[BlackElo "2284"]
[Annotator "TA"]
[PlyCount "121"]
[EventDate "2022.11.18"]
[EventType "tourn"]
[EventCountry "USA"]
[SourceTitle "playchess.com"]
[Source "ChessBase"]
[SourceQuality "1"]
[TimeControl "5400+30"]

1. Nf3 d5 2. e3 Nf6 3. c4 c6 4. Nc3 e6 5. b3 Bd6 6. Bb2 O-O 7. Be2 e5 {[%emt 0:00:34] A11: English Opening: 1...c6.} 8. cxd5 cxd5 9. Nb5 Nc6 {[%emt 0:00:08] The position is equal.} 10. Nxd6 Qxd6 11. d4 e4 12. Ne5 Ne7 {[%emt 0:04:11] [#]} 13. a4 $146 ({Predecessor:} 13. Qc1 Qe6 14. Ba3 Re8 15. Bb5 Nd7 16. Qc7 Nxe5 17. Bxe8 Nd3+ 18. Kd2 Qf6 19. Qxe7 Qxf2+ {0-1 (27) Ivanchuk,V (2678)-Shirov,A (2662) Europe Echecs INT 2021}) 13... Ne8 14. Ba3 Qd8 15. f4 Nd6 16. O-O $36 {[%emt 0:09:05][%mdl 2048] White is pushing.} f6 17. Ng4 Bxg4 18. Bxg4 {[%emt 0:00:04] Strongly threatening Be6+.} f5 19. Be2 Rf6 20. Rc1 Nf7 21. Qe1 Rc6 (21... Nd6 $16 {keeps fighting.}) 22. Qb4 $18 Ng6 {[%emt 0:05:34] [#]} 23. Rxc6 $1 ({Weaker is} 23. Qxb7 Rb6 24. Qc7 Rxb3 $15) 23... bxc6 24. Qc5 Qb6 25. Qxb6 axb6 26. Rc1 Nd8 27. Bd6 Ra7 {[%emt 0:01:43] Prevents Bc7.} 28. g4 Ne7 29. Kf2 Kf7 30. Be5 g6 31. g5 Ne6 {[%emt 0:04:06] [#]} ({Better is} 31... Ke6) 32. Bd6 (32. h4 $142 $1) 32... Nd8 $16 33. h4 {[%emt 0:01:08] White has more active pieces. The black rooks are badly placed.} Ke6 34. Be5 Nf7 35. Bf6 {[%emt 0:00:28] Threatens to win with Bxe7.} Rc7 36. b4 h5 (36... Ng8 $14) 37. b5 $18 Nd8 38. bxc6 Rxc6 (38... Nf7 $142) 39. Rxc6+ Ndxc6 $2 {[%emt 0:00:40][%mdl 4096] Endgame KBB-KNN} (39... Nexc6 40. Bb5 Ne7) 40. Bb5 Kf7 41. Ke1 $2 (41. Bxe7 $18 Nxe7 42. Ke2) 41... Na5 ({Black should play} 41... Na7 $14) 42. Bxe7 ({White should try} 42. Be5 $18) 42... Kxe7 {[%emt 0:00:01] KB-KN} 43. Kd2 Nb7 $2 {[%emt 0:00:51][%mdl 8192] Black is on the road to losing.} (43... Kf7 $11) 44. Bc6 Nd8 45. Bxd5 Kd6 46. Bc4 Nc6 47. Kc3 {[%emt 0:00:04] And now Bf7 would win.} Ne7 48. Kb4 Kc7 49. Bf7 Kc6 50. d5+ (50. Be6 $142 Kd6 51. Bf7 Nc8 52. Bxg6 Ke6 53. Bxh5 Kd6 54. Kc4 Ke6 55. d5+ Ke7 56. Kd4) 50... Kd6 51. Kb5 Kc7 52. Ka6 (52. Be6 $142 Kd6 53. Kxb6 Nxd5+ 54. Bxd5 Kxd5 55. a5 Kc4 56. a6 Kd3 57. a7) 52... Nc8 53. Bxg6 {[%emt 0:00:04] Threatening mate with Bf7.} Nd6 {[%emt 0:00:02] Prevents Bf7.} 54. Bxh5 {[%emt 0:00:08] White mates.} b5 55. axb5 Kd7 56. b6 Kd8 57. g6 Ne8 58. g7 Nf6 59. b7 Kc7 {[%emt 0:00:12] [#]} 60. Ka7 $1 Nd7 61. g8=Q {[%emt 0:00:03] Weighted Error Value: White=0.25 (precise) /Black=0.64} 1-0

[Event "Fall IM-D Norm Invitational 2022"]
[Site "Charlotte"]
[Date "2022.11.19"]
[Round "4"]
[White "Willy, Stephen"]
[Black "Petenyi, Tamas"]
[Result "0-1"]
[ECO "B09"]
[WhiteElo "2159"]
[BlackElo "2410"]
[Annotator "TA"]
[PlyCount "92"]
[EventDate "2022.11.18"]
[EventType "tourn"]
[EventCountry "USA"]
[SourceTitle "playchess.com"]
[Source "ChessBase"]
[SourceQuality "1"]
[TimeControl "5400+30"]

1. e4 g6 2. d4 Bg7 3. Nc3 d6 4. f4 Nf6 5. Nf3 O-O 6. Be3 c6 7. h3 b5 {[%emt 0:02:04] 7...b5 is better than 7...Nbd7. B07: Pirc Defence: Miscellaneous Systems.} 8. a3 Nbd7 9. e5 Ne8 {[%emt 0:01:17] White is slightly better.} 10. h4 Nb6 11. h5 Nc7 {[%emt 0:03:44] [#]} 12. Bd3 $146 ({Predecessor:} 12. Rh4 Ncd5 13. Nxd5 Nxd5 14. Bd2 c5 15. dxc5 dxe5 16. fxe5 Qc7 17. Qe2 Bd7 18. O-O-O Qxc5 {1-0 (42) Ederer,K (1984)-Bonoldi,F (1860) LSS email 2019}) 12... Nc4 (12... Bg4 $14 {deserves consideration.}) 13. Bc1 $36 {[%emt 0:03:05][%mdl 2048] Black is under pressure.} dxe5 14. dxe5 Ne6 (14... Bg4 $142) 15. Qe2 Nd4 (15... Qb6 $16 {keeps fighting.}) 16. Qf2 $18 Nxf3+ 17. Qxf3 Bd7 (17... Qb6 $16) 18. Qg3 Be8 19. Ne4 {[%emt 0:05:11] Threatens to win with hxg6.} h6 20. hxg6 fxg6 21. Nf2 g5 {[%emt 0:04:33] [#]} 22. fxg5 (22. Rxh6 $142 $3 Bxh6 23. Ng4) 22... h5 $16 {[%emt 0:00:41] [#]} 23. Bxc4+ (23. Ng4 $1 $16 ) 23... bxc4 $11 24. Bd2 Bg6 25. Qe3 {[%emt 0:03:32] Against Qd4} (25. Bc3 $11) 25... Qd5 (25... Bxc2 26. Rc1 Bg6 27. O-O $11) 26. O-O Qxe5 27. Qh3 (27. Qxe5 $15 Bxe5 28. Bc3 Bxc3 29. bxc3) 27... Qf5 $2 (27... Bxc2 28. Qxh5 Qxb2 29. Rac1 $11 (29. g6 Bxg6 30. Qxg6 Qxd2 $15)) ({Black should play} 27... Qxb2 $19 {[%cal Of8f2] ...Rxf2! is the strong threat.} 28. Rac1 (28. Qe6+ $2 Bf7 $19) 28... Rf5) 28. Qe3 (28. Qxf5 Rxf5 29. Bc3 Bxc3 30. bxc3 Raf8 $17) 28... Qe5 $2 ({Don't play} 28... Bxb2 29. Nd3 cxd3 30. Rxf5 Rxf5 31. Rf1 $16) (28... Rf7 $11) 29. Qh3 $1 $19 Qxb2 {[%emt 0:01:02][%cal Of8f2] White must now prevent ...Rxf2!} ({Not} 29... Bxc2 30. Qxh5 Qxb2 31. Rac1 $11 (31. g6 Bxg6 32. Qxg6 Qxd2 $15)) 30. Qe6+ Kh7 (30... Bf7 $19 {is more deadly.} 31. Qe2 Qxc2) 31. Qxc4 $17 Qxc2 {[%emt 0:00:45] Black has more active pieces.} (31... Rad8 {with more complications.} 32. Be3 Qb5 33. Qxb5 cxb5 34. Rae1 Rd7) 32. Qxc2 Bxc2 33. Rac1 Ba4 (33... Bb3 $15 34. Rxc6 Rac8 35. g6+ Kg8 36. Rxc8 Rxc8) 34. Rfe1 $11 Rae8 35. Re4 (35. Rc4 $5 Bb5 36. Rh4 $15) 35... Bb3 {[%emt 0:00:24] A strong pair of Bishops.} 36. Bb4 (36. Rh4 $15) 36... Bd5 37. Rxe7 Rxe7 38. Bxe7 Rf5 ({Better is} 38... Re8 $17 39. Bf6 Bf8) 39. Rd1 (39. Nd3 $15) 39... Kg6 40. Bc5 $2 (40. g4 $17 {was worth a try.} Rf3 41. gxh5+ Kxh5 42. Rd3) 40... Rxg5 $19 41. Bxa7 Rxg2+ 42. Kf1 Rg3 43. Bc5 (43. Rc1 $142) 43... Bg2+ 44. Kg1 Bf3+ 45. Kh2 Be5 46. Rh1 Rg4+ {[%emt 0:00:45] What a fight!  Weighted Error Value: White=0.60/Black=0.33} 0-1

[Event "Fall IM-D Norm Invitational 2022"]
[Site "Charlotte"]
[Date "2022.11.19"]
[Round "4"]
[White "De La Colina, Nicolas"]
[Black "Marek, Matyas"]
[Result "0-1"]
[ECO "B40"]
[WhiteElo "2123"]
[BlackElo "2346"]
[Annotator "TA"]
[PlyCount "72"]
[EventDate "2022.11.18"]
[EventType "tourn"]
[EventCountry "USA"]
[SourceTitle "playchess.com"]
[Source "ChessBase"]
[SourceQuality "1"]
[TimeControl "5400+30"]

1. e4 c5 2. Nf3 e6 3. d3 Nc6 4. g3 d5 5. Qe2 Nge7 6. Bg2 g6 7. O-O Bg7 8. c3 O-O 9. Re1 h6 10. h4 e5 11. exd5 Nxd5 12. Nbd2 Re8 {[%emt 0:06:28] [#] A08: King's Indian Attack.} 13. Ne4 $146 ({Predecessor:} 13. Nh2 Be6 14. Nc4 Qd7 15. Ne3 Rad8 16. Bd2 Nf6 17. Nef1 Ng4 18. Be3 Nxh2 19. Nxh2 Bd5 20. Bxd5 Qxd5 {0-1 (38) Lazic,M (2450)-Barlov,D (2485) Nis 1995}) 13... b6 14. Qc2 (14. h5 $1 $11) 14... Be6 $17 {[%emt 0:06:54] Black is better.} 15. a3 Qc7 16. Rb1 f5 {[%emt 0:16:25] White is on the road to losing.} 17. Ned2 Rad8 {[%emt 0:00:05] Black is more active.} 18. Nc4 Bf7 19. Bd2 Nf6 20. b3 b5 21. Nb2 Qd6 22. Rbd1 ({Better is} 22. Re2) 22... a6 23. Bc1 Na5 24. c4 Nc6 25. Bd2 Ng4 $1 26. Bc3 {[%emt 0:04:57] [#]} (26. cxb5 $142 axb5 27. Bc3) 26... b4 $1 $19 27. axb4 cxb4 (27... Nxb4 28. Bxb4 cxb4 29. Re2 $11) 28. Bd2 {[%emt 0:00:41] [#]} f4 $1 {[%emt 0:05:27] And now ...fxg3 would win.} ({Worse is} 28... Qc5 29. Bc1 $11) 29. gxf4 (29. c5 $142 Qf6 30. Re4) 29... exf4 {[%emt 0:00:40] White must now prevent ...Nd4.} 30. Rxe8+ Rxe8 31. Re1 Nd4 32. Rxe8+ Bxe8 33. Nxd4 (33. Qd1 Bc6 34. Be1 (34. Nxd4 $2 Nxf2 35. Nxc6 Nxd1 $19)) 33... Bxd4 ({Inferior is} 33... Qxd4 34. Nd1 $11) 34. Nd1 f3 {[%emt 0:05:37] Black mates.} 35. Bxf3 Qg3+ $1 36. Bg2 Bc6 {[%emt 0:00:14] Weighted Error Value: White=0.65/Black=0.10 (very precise)} 0-1